 Dungeon Crawl Stone Soup version 0.29-a0-722-g64f5989226 (webtiles) character file.

Game seed: 7074643299183853717

2605 PentaManta the Basher (level 9, -15/76 HPs)
             Began as a Gargoyle Berserker on June 28, 2022.
             Was an Elder of Trog.
             Demolished by an orc warrior
             ... wielding a +0 halberd
              (21 damage)
             ... in a bailey.
             The game lasted 00:12:54 (9503 turns).

PentaManta the Basher (Gargoyle Berserker)          Turns: 9503, Time: 00:12:55

Health: -15/76     AC: 14    Str: 25    XL:     9   Next: 59%
Magic:  0/9        EV: 11    Int:  8    God:    Trog [****..]
Gold:   357        SH:  0    Dex:  9    Spells: 8/8 levels left

rFire   . . .      SeeInvis +   p - +0 dire flail
rCold   . . .      Faith    .   (shield currently unavailable)
rNeg    + . .      Spirit   +   g - +0 swamp dragon scales
rPois   ∞          Reflect  .   (no helmet)
rElec   +          Harm     .   (no cloak)
rCorr   .          Rampage  .   (no gloves)
Will    ++...                   (no boots)
Stlth   ..........              e - amulet of guardian spirit
HPRegen 1.22/turn               k - ring of see invisible
MPRegen 0.11/turn               (no ring)

@: berserking, strong-willed, regenerating, very quick
A: sickness immunity, AC +6, negative energy resistance 1, electricity
resistance, torment resistance 1, petrification resistance
a: Renounce Religion, Berserk, Trog's Hand, Brothers in Arms


You were in a bailey.
You worshipped Trog.
Trog was greatly pleased with you.
You visited 1 branch of the dungeon, and saw 7 of its levels.
You also visited: Bailey.

You collected 357 gold pieces.

Inventory:

Hand Weapons
 a - a +0 mace
 d - a +0 whip
 n - a +1 short sword of venom
 o - a +1 whip of flaming
 p - a +0 dire flail (weapon)
 C - a +0 flail
 D - a +0 hand axe of flaming
 J - the +9 battleaxe of Resourcefulness {freeze, Drain rElec rPois}
   (You found it on level 6 of the Dungeon)

   It freezes those it strikes, dealing additional cold damage.
   It can also slow down cold-blooded creatures.
   rElec:     It insulates you from electricity.
   rPois:     It protects you from poison.
   Drain:     It drains your maximum health when unequipped.
 N - a +4 flail of protection
Missiles
 i - a boomerang (quivered)
 y - 6 javelins
 I - 7 poisoned darts
Armour
 b - a +0 animal skin
 c - a +0 ring mail
 g - +0 swamp dragon scales (worn)
 v - an orb of mayhem
 K - a +0 kite shield
 M - a +0 plate armour
 P - a +3 plate armour
Jewellery
 e - an amulet of guardian spirit (around neck)
 k - a ring of see invisible (left hand)
 A - an amulet of faith
Wands
 G - a wand of flame (14)
 H - a wand of mindburst (16)
 L - a wand of iceblast (5)
 O - a wand of paralysis (8)
Scrolls
 h - 2 scrolls of vulnerability {unknown}
 j - a scroll of amnesia {unknown}
 l - 2 scrolls of poison {unknown}
 q - 6 scrolls of identify {unknown}
 s - 3 scrolls of immolation {unknown}
 x - a scroll of enchant weapon {unknown}
 B - a scroll of fog {unknown}
 F - a scroll of torment {unknown}
Potions
 f - a potion of attraction {unknown}
 m - a potion of might {unknown}
 r - 3 potions of lignification {unknown}
 t - 3 potions of mutation {unknown}
 u - a potion of magic {unknown}
 w - 2 potions of curing {unknown}
 z - a potion of ambrosia {unknown}
 E - a potion of brilliance {unknown}


   Skills:
 - Level 3.2 Fighting
 + Level 13.0 Maces & Flails
 - Level 2.1 Armour
 - Level 1.5 Dodging


You had 8 spell levels left.
You didn't know any spells.
Your spell library was empty.

Dungeon Overview and Level Annotations

Branches:
Dungeon (7/15)             Temple (0/1) D:7          Bailey (1/1)

Altars:
Dithmenos
Okawaru
Yredelemnul

Shops:
D:3 [   D:7 ?


Innate Abilities, Weirdness & Mutations

You are immune to sickness and miasma.
Your stone body is resilient. (AC +6)
You are immune to poison.
You resist negative energy. (rN+)
You are resistant to electric shocks. (rElec)
You are resistant to unholy torment.
You are immune to petrification.


Message History

The orc warrior barely misses you.
You barely miss the orc warrior.
The orc warrior hits you with a +0 halberd!
You sock the orc warrior!
The orc warrior is heavily wounded.
You sock the orc warrior!
The orc warrior is almost dead.
The orc warrior barely misses you.
You hit the orc warrior.
The orc warrior is almost dead.
The orc warrior completely misses you.
You miss the orc warrior.
The orc warrior is almost dead.
You barely miss the orc warrior.
The orc warrior is almost dead.
The orc warrior hits you with a +0 halberd!
You hit the orc warrior but do no damage.
The orc warrior is almost dead.
The orc warrior hits you with a +0 halberd!
* * * LOW HITPOINT WARNING * * *
You barely miss the orc warrior.
The orc warrior is almost dead.
You miss the orc warrior.
The orc warrior is almost dead.
The orc warrior barely misses you.
You hit the orc warrior but do no damage.
The orc warrior is almost dead.
The orc warrior hits you with a +0 halberd!
* * * LOW HITPOINT WARNING * * *
Unknown command.
Your skin crawls.
You feel strong-willed.
The orc knight roars a battlecry!
The orc warrior goes into a battle-frenzy!
The orc warrior barely misses you.
A red film seems to cover your vision as you go berserk!
You feel yourself moving faster!
You feel mighty!
The orc knight hits you but does no damage.
The orc warrior hits you with a +0 halberd!!
You die...

# ##..........≈.#
##########.≈.#
.$$$.##.≈.# §≈≈.≈≈≈
#.$.##.)≈.# ≈§.§.§≈
##.##..≈≈.# ...⌠.§.
#+#..≈≈.∩# §§⌠∩⌠..
#..≈≈)## ≈o....≈
##..≈≈.# §≈≈≈≈≈≈
##@.).# .......
##o≈.#
###'#############o≈.#
#.....##.)........≈.#
##.∩.##..≈≈≈≈≈≈≈≈≈≈.#
)## ##..)≈..........#
..###.)≈≈..##########
≈...).≈≈..##
≈≈≈≈≈≈≈..##


You could see an orc knight and an orc warrior (strong).

Vanquished Creatures
  A steam dragon (D:7)
  A water moccasin (D:7)
  Duvessa (D:7)
  5 orc warriors
  A black bear (D:3)
  3 ogres
  A centaur (D:6)
  2 phantoms
  A necrophage (D:6)
  2 scorpions
  Dowan (D:7)
  A howler monkey (D:6)
  2 jellies
  2 hounds
  6 orc priests
  A gnoll shaman (D:7)
  Jessica (D:2)
  6 iguanas
  5 orc wizards
  Natasha (thrice) (D:2)
  Terence (D:2)
  3 gnolls (D:7)
  5 adders
  2 white imps
  3 worms
  4 dart slugs
  44 orcs
  4 ball pythons
  3 bats (D:1)
  7 endoplasms
  A giant cockroach (D:4)
  8 goblins
  9 hobgoblins
  3 jackals (D:4)
  13 kobolds
  7 quokkas
  3 frilled lizards
  4 rats
170 creatures vanquished.

Vanquished Creatures (collateral kills)
  2 orcs (D:4)
  A goblin (D:4)
3 creatures vanquished.

Vanquished Creatures (others)
  An orc (D:4)
1 creature vanquished.

Grand Total: 174 creatures vanquished

Notes
Turn   | Place    | Note
-------+----------+-------------------------------------------
     0 | D:1      | PentaManta the Gargoyle Berserker began the quest for the
                  | Orb.
     0 | D:1      | Reached XP level 1. HP: 14/14 MP: 1/1
   421 | D:1      | Reached XP level 2. HP: 19/19 MP: 2/2
   663 | D:1      | Reached skill level 4 in Maces & Flails
   677 | D:1      | Reached XP level 3. HP: 18/23 MP: 3/3
   684 | D:1      | Reached ** piety under Trog
  1281 | D:2      | Found a shadowy altar of Dithmenos.
  1284 | D:2      | Noticed Natasha
  1292 | D:2      | Killed Natasha
  1293 | D:2      | Reached XP level 4. HP: 22/28 MP: 1/4
  1316 | D:2      | Noticed Terence
  1319 | D:2      | Noticed Jessica
  1331 | D:2      | Killed Terence
  1332 | D:2      | Reached skill level 5 in Maces & Flails
  1332 | D:2      | Killed Jessica
  1379 | D:2      | You fall into a shaft and drop 2 floors!
  1386 | D:4      | Reached XP level 5. HP: 32/32 MP: 5/5
  1471 | D:4      | Reached skill level 6 in Maces & Flails
  2115 | D:2      | Noticed Natasha
  2118 | D:2      | Reached XP level 6. HP: 36/37 MP: 6/6
  2122 | D:2      | Killed Natasha
  2819 | D:2      | Noticed Natasha
  2824 | D:2      | Killed Natasha
  3178 | D:2      | Found a shadowy altar of Dithmenos.
  3984 | D:2      | Found a shadowy altar of Dithmenos.
  4810 | D:3      | Found Juufud's Antique Armour Shoppe.
  4849 | D:3      | Reached skill level 7 in Maces & Flails
  4891 | D:3      | Noticed a black bear
  4906 | D:3      | Killed a black bear
  5266 | D:4      | Reached XP level 7. HP: 37/41 MP: 5/7
  5328 | D:4      | Reached *** piety under Trog
  5353 | D:4      | Reached skill level 8 in Maces & Flails
  5475 | D:4      | HP: 1/41 [iguana (9)]
  6171 | D:5      | Entered Level 5 of the Dungeon
  6473 | D:5      | Reached skill level 9 in Maces & Flails
  6659 | D:5      | Reached XP level 8. HP: 45/46 MP: 8/8
  7576 | D:6      | Reached skill level 10 in Maces & Flails
  7876 | D:6      | Found a basalt altar of Yredelemnul.
  7907 | D:6      | Identified the +9 battleaxe of Resourcefulness {freeze,
                  | Drain rElec rPois}
  7927 | D:6      | Reached skill level 11 in Maces & Flails
  8335 | D:6      | Found an iron altar of Okawaru.
  8479 | D:7      | Noticed Duvessa
  8479 | D:7      | Noticed Dowan
  8485 | D:7      | Killed Duvessa
  8486 | D:7      | Reached XP level 9. HP: 51/51 MP: 7/9
  8489 | D:7      | Killed Dowan
  8495 | D:7      | Reached **** piety under Trog
  8501 | D:7      | HP: 2/51 [orc priest/divine providence (11)]
  8506 | D:6      | HP: 2/51 [orc/+0 short sword (1)]
  8619 | D:7      | Reached skill level 12 in Maces & Flails
  8691 | D:7      | Found Pynoexop's Magic Scroll Shop.
  8734 | D:7      | Found a flagged portal.
  8742 | Bailey   | Entered a bailey
  8966 | Bailey   | Noticed an orc knight
  9311 | Bailey   | Reached skill level 13 in Maces & Flails
  9501 | Bailey   | HP: 2/51 [orc warrior/+0 halberd (11)]
  9503 | Bailey   | Demolished by an orc warrior

Illustrated notes

Levels and vault maps discovered:
D:1:      lemuel_arrival_muddy, layout_loops_ring, glass_columns_c,
          minmay_misc_feat_columns
D:2:      layout_basic, basic_altar, kennysheep_generic_room_9, uniq_natasha,
          uniq_jessica, uniq_terence
D:3:      layout_rooms, serial_shops, nicolae_diamond_shop
D:4:      layout_basic, nicolae_figureground_pulse
D:5:      layout_basic
D:6:      layout_loops_ring, marbit_many_paths, yredelemnul_altar_generic
D:7:      layout_loops_ring, kennysheep_little_box, minmay_temple_entry_slanted,
          serial_shops, nicolae_shop_behind_doors, enter_bailey_2, uniq_duvessa
Bailey:   bailey_polearm_1, bailey

Skill      XL: |  1  2  3  4  5  6  7  8  9 |
---------------+----------------------------+-----
Maces & Flails | 4 5 6 7 9 11 13 | 13.0
Fighting       | |  3.2
Armour         | |  2.1
Dodging        | |  1.5

Action                   |  1- 3 |  4- 6 |  7- 9 || total
-------------------------+-------+-------+-------++-------
Melee: Whip              |   111 |   161 |    50 ||   322
       Mace              |     9 |    27 |       ||    36
       Dire flail        |       |       |   297 ||   297
       Punch             |       |       |     3 ||     3
Throw: Boomerang         |       |       |     3 ||     3
Invok: Berserk           |       |     4 |     6 ||    10
       Trog's Hand       |       |       |     1 ||     1
Evoke: Wand              |       |       |     1 ||     1
  Use: Potion            |       |       |     2 ||     2
       Scroll            |       |       |     1 ||     1
Armor: Ring mail         |    12 |       |       ||    12
       Swamp dragon scal |    41 |    98 |   126 ||   265
Dodge: Dodged            |    54 |   103 |   154 ||   311

Table legend: (Time is in decaauts)
 A = Elapsed time spent in this place.
 B = Non-inter-level travel time spent in this place.
 C = Inter-level travel time spent in this place.
 D = Time resting spent in this place.
 E = Time spent auto-exploring this place.
 F = Levels seen in this place.
 G = Mean time per level.
                   A        B        C        D        E       F      G
               +--------+--------+--------+--------+--------+-----+--------+
         Total |   9459 |   9242 |    217 |    790 |   6958 |   8 | 1182.4 |
       Dungeon |   8706 |   8489 |    217 |    387 |   6891 |   7 | 1243.7 |
        Bailey |    753 |    753 |      0 |    403 |     66 |   1 |  753.0 |
               +--------+--------+--------+--------+--------+-----+--------+

Top non-repeatable levels by time:
     D:2: 2755 daAuts
     D:4: 1645 daAuts
     D:5: 1384 daAuts
     D:1: 1245 daAuts
     D:6: 1023 daAuts
  Bailey: 753 daAuts
     D:3: 512 daAuts
     D:7: 139 daAuts
